 Dungeon Crawl Stone Soup version 0.29-a0-271-gd4eb659eea (webtiles) character file.

Game seed: 5050064411850385131

44 frimble the Skirmisher (level 3, 0/31 HPs)
             Began as a Djinni Cinder Acolyte on Mar 9, 2022.
             Was a High Priest of Ignis.
             Slain by an iguana (3 damage)
             ... on level 2 of the Dungeon.
             The game lasted 00:02:04 (2255 turns).

frimble the Skirmisher (Djinni Cinder Acolyte)      Turns: 2255, Time: 00:02:05

Health: 0/31       AC:  4    Str: 13    XL:     3   Next: 87%
Gold:   73         EV: 11    Int: 17    God:    Ignis [*****.] SH:  0 Dex:  8

rFire   + + +      SeeInvis .     - Unarmed
rCold   x . .      Faith    .   (no shield)
rNeg    . . .      Spirit   .   a - +0 robe
rPois   ∞          Reflect  .   f - +0 helmet
rElec   .          Harm     .   (no cloak)
rCorr   .          Rampage  .   e - +0 pair of gloves
Will    .....                   (boots unavailable)
Stlth   +.........              (no amulet)
HPRegen 0.10/turn               (no ring)
MPRegen 0.00/turn               (no ring)

@: flying
A: sickness immunity, fire resistance 2, cold vulnerability 1, float, innate
caster, HP casting, extra vitality 1
a: Renounce Religion, Fiery Armour, Foxfire Swarm, Rising Flame


You were on level 2 of the Dungeon.
You worshipped Ignis.
Ignis was extremely pleased with you.
You visited 1 branch of the dungeon, and saw 2 of its levels.

You collected 73 gold pieces.

Inventory:

Hand Weapons
 h - a +1 antimagic dagger
Armour
 a - a +0 robe (worn)
 e - a +0 pair of gloves (worn)
 f - a +0 helmet (worn)
Scrolls
 g - 3 scrolls of identify {unknown}
Potions
 b - a potion of curing {unknown}
 c - a potion of invisibility {unknown}
 d - a potion of resistance {unknown}


   Skills:
 + Level 3.8 Fighting
 - Level 3.0 Unarmed Combat
 + Level 3.0 Spellcasting


You had 5 spell levels left.
You knew the following spells:

 Your Spells              Type           Power      Damage    Failure   Level
a - Scorch                Fire           24%        2d6       8%          2
b - Summon Small Mammal   Summ           48%        N/A       4%          1
Your spell library was empty.

Dungeon Overview and Level Annotations

Branches:
Dungeon (2/15)

Altars:


Innate Abilities, Weirdness & Mutations

You are immune to sickness and miasma.
You are immune to poison.
Your flesh is very heat resistant. (rF++)
You are vulnerable to cold. (rC-)
You float through the air rather than walking.
You learn spells naturally, not from books.
Your magical power is your life essence.
You have superior vitality. (+4 MHP)


Message History

A goblin is nearby!
The goblin shouts!
You hear an angry hiss.
The goblin throws a stone.
The stone misses you. The goblin hits you but does no damage.
Casting: Scorch (safe; 8% risk of failure)
Confirm with . or Enter, or press ? or * to list all spells.
Flames lash the goblin.
You kill the goblin!
An iguana comes into view.
Things that are here:
a +1 antimagic dagger; 55 stones
h - a +1 antimagic dagger
Casting: Scorch (safe; 8% risk of failure)
Confirm with . or Enter, or press ? or * to list all spells.
Flames lash the iguana but do no damage.
The iguana bites you.
Casting: Scorch (safe; 8% risk of failure)
Confirm with . or Enter, or press ? or * to list all spells.
Flames lash the iguana.
The iguana is lightly wounded.
The iguana's fire resistance burns away.
The iguana closely misses you.
Casting: Scorch (safe; 8% risk of failure)
Confirm with . or Enter, or press ? or * to list all spells.
Flames lash the iguana but do no damage.
You hear an angry hiss.
The iguana bites you.
Casting: Scorch (safe; 8% risk of failure)
Confirm with . or Enter, or press ? or * to list all spells.
Flames lash the iguana.
The iguana is burned terribly!
The iguana is heavily wounded.
The iguana bites you!
* * * LOW HITPOINT WARNING * * *
Casting: Scorch (safe; 8% risk of failure)
Confirm with . or Enter, or press ? or * to list all spells.
Flames lash the iguana.
The iguana is heavily wounded.
* * * LOW HITPOINT WARNING * * *
The iguana bites you.
You die...

.# #. #..# #..# #.#
#..# #...# # #.# #..#
#....#.# .##.# #..#
#...).#.#.#.# ####..#
#......#.#.# #.##..#
#.......#l# ...#..#
#.......@# ......#
##......# ......#
#.#.....# ......#
#.)...## ......#
#.#.....#
....#.######.....#
...##....##.....#.#
#.###.##.'..........
#.(...#####.....#.#..


You could see an iguana (combustible).

Vanquished Creatures
  Robin (D:2)
  2 ball pythons (D:1)
  2 bats (D:1)
  2 endoplasms (D:1)
  A giant cockroach (D:2)
  8 goblins
  2 hobgoblins
  4 jackals (D:1)
  A frilled lizard (D:1)
  2 kobolds
  4 rats (D:1)
29 creatures vanquished.

Notes
Turn   | Place    | Note
-------+----------+-------------------------------------------
     0 | D:1      | frimble the Djinni Cinder Acolyte began the quest for the
                  | Orb.
     0 | D:1      | Reached XP level 1. HP: 20/20 MP: 0/0
   990 | D:1      | Reached XP level 2. HP: 19/25 MP: 0/0
  1597 | D:1      | Reached XP level 3. HP: 25/30 MP: 0/0
  1597 | D:1      | Learned a level 1 spell: Summon Small Mammal
  1956 | D:2      | Noticed Robin
  1965 | D:2      | Killed Robin
  2255 | D:2      | Slain by an iguana

Illustrated notes

Levels and vault maps discovered:
D:1:      grunt_arrival_lava_bath, layout_basic
D:2:      wad_pebble_path, layout_loops_ring,
          shapermc_ecumenical_altar_notcrosses, uniq_robin

Skill      XL: |  1  2  3 |
---------------+----------+-----
Spellcasting   | 3 |  3.0
Fighting       | |  3.8
Unarmed Combat | |  3.0

Action                   || total
-------------------------++-------
Melee: Unarmed           ||    62
       Punch             ||     1
 Cast: Scorch            ||    24
       Summon Small Mamm ||     1
  Use: Scroll            ||     1
Armor: Robe              ||    16
Dodge: Dodged            ||    62

Table legend: (Time is in decaauts)
 A = Elapsed time spent in this place.
 B = Non-inter-level travel time spent in this place.
 C = Inter-level travel time spent in this place.
 D = Time resting spent in this place.
 E = Time spent auto-exploring this place.
 F = Levels seen in this place.
 G = Mean time per level.
                   A        B        C        D        E       F      G
               +--------+--------+--------+--------+--------+-----+--------+
         Total |   2252 |   2164 |     88 |    577 |   1338 |   2 | 1126.0 |
       Dungeon |   2252 |   2164 |     88 |    577 |   1338 |   2 | 1126.0 |
               +--------+--------+--------+--------+--------+-----+--------+

Top non-repeatable levels by time:
     D:1: 1831 daAuts
     D:2: 421 daAuts
